 Dungeon Crawl Stone Soup version 0.23-a0-582-g1b4a0ca (webtiles) character file.

1092 MisterFreud the Slicer (level 8, -7/59 HPs)
             Began as a Black Draconian Artificer on Dec 16, 2018.
             Was a Priest of Ru.
             Killed by divine providence
             ... invoked by an orc priest
              (12 damage)
             ... on level 6 of the Dungeon.
             The game lasted 00:08:56 (5290 turns).

MisterFreud the Slicer (Black Draconian Artificer)  Turns: 5290, Time: 00:08:57

Health: -7/59      AC:  7    Str: 14    XL:     8   Next: 9%
Magic:  10/10      EV: 12    Int: 15    God:    Ru [***...]
Gold:   330        SH:  0    Dex: 11    Spells: 7/7 levels left

rFire    . . .     SeeInvis .   q - +0 short sword (venom)
rCold    + . .     Gourm    .   (shield unavailable)
rNeg     . . .     Faith    .   (armour unavailable)
rPois    .         Spirit   .   (helmet restricted)
rElec    +         Reflect  .   (no cloak)
rCorr    .         Harm     .   F - +0 pair of gloves
MR       .....                  (no boots)
Stlth    +.........             (no amulet)
HPRegen  0.19/turn              (ring unavailable)
MPRegen  0.12/turn              n - ring of protection from cold

@: no status effects
A: breathe lightning, unfitting armour, electricity resistance, cold-blooded,
missing a hand, AC +6
a: Breathe Lightning, Draw Out Power, Renounce Religion


You were on level 6 of the Dungeon.
You worshipped Ru.
Ru was most pleased with you.
You were not hungry.

You visited 2 branches of the dungeon, and saw 7 of its levels.

You collected 330 gold pieces.

Inventory:

Hand Weapons
 a - a +0 short sword
 q - a +0 short sword of venom (weapon)
 B - a +2 short sword of holy wrath
Missiles
 k - 159 stones (quivered)
 p - 35 bolts
 s - 66 arrows
 w - 15 sling bullets
 G - 2 javelins
 H - 2 silver tomahawks
 J - 3 curare-tipped needles
Armour
 F - a +0 pair of gloves (worn)
Jewellery
 n - a ring of protection from cold (right hand)
Wands
 b - a wand of flame (15)
 c - a wand of enslavement (12)
 d - a wand of random effects (12)
Scrolls
 g - 8 scrolls of teleportation
 h - a scroll of identify
 m - 2 scrolls of magic mapping
 o - 5 scrolls of remove curse
 u - a scroll of fog {unknown}
 x - a scroll of enchant armour {unknown}
 y - 3 scrolls of blinking {unknown}
 A - a scroll of amnesia {unknown}
Potions
 e - 2 potions of degeneration {unknown}
 i - 2 potions of heal wounds
 j - a potion of agility
 l - 2 potions of ambrosia {unknown}
 r - a potion of might {unknown}
 t - 2 potions of haste
 v - 2 potions of flight {unknown}
 z - a potion of magic {unknown}
 C - a potion of lignification {unknown}
 D - 2 potions of berserk rage {unknown}
 E - 2 potions of curing {unknown}
Comestibles
 f - 7 rations
 I - 2 chunks of flesh


   Skills:
 - Level 1.1 Fighting
 + Level 9.5 Short Blades
 - Level 1.7 Dodging
 - Level 0.8 Stealth
 - Level 3.0 Evocations


You had 7 spell levels left.
You didn't know any spells.
Your spell library contained the following spells:

 Spells                   Type           Power        Failure   Level  Hunger
 Animate Skeleton         Necr           N/A          26%         1    ##.....
 Apportation              Tloc           #.....       26%         1    ##.....
 Confusing Touch          Hex            #.....       26%         1    ##.....
 Summon Small Mammal      Summ           #...         26%         1    ##.....


Dungeon Overview and Level Annotations

Branches:
Dungeon (6/15)             Temple (1/1) D:5

Altars:
Ashenzari
Cheibriados
Gozag
Hepliaklqana
Nemelex Xobeh
Okawaru
Qazlal
Ru
Sif Muna
Trog
Uskayaw
Wu Jian
Xom
Yredelemnul
Zin


Innate Abilities, Weirdness & Mutations

You can breathe wild blasts of lightning.
Your glossy black scales are hard. (AC +6)
You cannot fit into any form of body armour.
You are resistant to electric shocks. (rElec)
You are cold-blooded and may be slowed by cold attacks.
You are missing a hand.


Message History

Evoke which item? (* to show all) (? for menu, Esc to quit)
Aiming: Enslavement
Press: ? - help, Shift-Dir - straight line, f - orc priest
Aim: an orc priest, wielding a +0 falchion and wearing a +0 ring mail (chance The orc priest resists with significant effort.
The orc warrior shouts!
The orc wizard gestures wildly while chanting.
The orc wizard flickers and vanishes!
The orc priest mumbles some strange prayers to Beogh against you.
Beogh smites you!
* * * LOW HITPOINT WARNING * * *
The orc priest hits you but does no damage.
Evoke which item? (* to show all) (? for menu, Esc to quit)
Aiming: Enslavement
Press: ? - help, Shift-Dir - straight line, f/p - orc priest
Aim: an orc priest, wielding a +0 falchion and wearing a +0 ring mail (chance The orc priest resists with significant effort.
The orc priest calls down the wrath of Beogh upon you.
Beogh smites you!
You die...

###############
#.............######
####.###########.#....
.....# #.#..# ######
.###.####@#..#####
.....o))oo........
.##.######).....##
#.## #..###.# .....
..... #..## ...### #
#.... #..### #..#


You could see an orc warrior (blind), an orc priest and an orc.

Vanquished Creatures
  Sigmund (D:4)
  Menkaure (Temple)
  An ice beast (D:5)
  2 ogres
  A scorpion (D:5)
  2 bullfrog zombies (D:5)
  A centaur zombie (D:5)
  An orc wizard (D:6)
  An orc priest (D:5)
  A centaur skeleton (D:5)
  2 hounds
  A bullfrog skeleton (D:5)
  2 worker ants (D:4)
  An iguana (D:5)
  2 hound zombies (D:5)
  5 adders
  2 oozes
  3 adder skeletons
  3 worms
  3 dart slugs
  2 leopard geckos
  10 orcs
  7 bats
  3 giant cockroaches
  4 hobgoblins
  2 jackals
  8 kobolds
  A ball python (D:3)
  6 frilled lizards
  9 goblins
  A leopard gecko skeleton (D:5)
  A leopard gecko zombie (D:5)
  2 quokka zombies (D:5)
  8 rats
100 creatures vanquished.

Vanquished Creatures (others)
  An orc wizard (D:6)
  An orc (D:6)
2 creatures vanquished.

Grand Total: 102 creatures vanquished

Notes
Turn   | Place    | Note
-------+----------+-------------------------------------------
     0 | D:1      | MisterFreud the Draconian Artificer began the quest for the
                  | Orb.
     0 | D:1      | Reached XP level 1. HP: 16/16 MP: 3/3
   116 | D:1      | Reached skill level 2 in Short Blades
   133 | D:1      | Reached XP level 2. HP: 21/23 MP: 4/4
   524 | D:1      | Reached skill level 3 in Short Blades
   561 | D:1      | Reached XP level 3. HP: 23/28 MP: 5/5
  1459 | D:2      | Reached XP level 4. HP: 17/35 MP: 6/6
  1681 | D:2      | Found a sacrificial altar of Ru.
  1930 | D:2      | Became a worshipper of Ru the Awakened
  2055 | D:3      | Found a shattered altar of Ashenzari.
  2068 | D:3      | Reached skill level 4 in Short Blades
  2369 | D:3      | Found a faded altar of an unknown god.
  2837 | D:3      | Gained mutation: You are missing a hand. [Ru sacrifice]
  2837 | D:3      | Reached * piety under Ru
  2837 | D:3      | Reached ** piety under Ru
  2837 | D:3      | Reached *** piety under Ru
  3052 | D:4      | Noticed Sigmund
  3057 | D:5      | Entered Level 5 of the Dungeon
  3111 | D:5      | Reached skill level 5 in Short Blades
  3111 | D:5      | Reached XP level 5. HP: 27/40 MP: 7/7
  3407 | D:4      | Noticed an ogre
  3419 | D:4      | Killed an ogre
  3419 | D:4      | Reached skill level 6 in Short Blades
  3483 | D:4      | Killed Sigmund
  3483 | D:4      | Reached XP level 6. HP: 41/47 MP: 8/8
  3578 | D:4      | Reached skill level 7 in Short Blades
  3753 | D:5      | Your scales start taking on a glossy black colour.
  3753 | D:5      | Reached XP level 7. HP: 52/52 MP: 9/9
  3753 | D:5      | Gained mutation: You are resistant to electric shocks.
                  | (rElec) [Black Draconian growth]
  3994 | D:5      | Found a staircase to the Ecumenical Temple.
  4004 | D:5      | Noticed Menkaure
  4019 | Temple   | Entered the Ecumenical Temple
  4251 | Temple   | Killed Menkaure
  4251 | Temple   | Reached skill level 8 in Short Blades
  4706 | D:5      | Found a snail-covered altar of Cheibriados.
  4859 | D:5      | Reached skill level 9 in Short Blades
  5074 | D:5      | Reached XP level 8. HP: 44/59 MP: 10/10
  5290 | D:6      | Killed from afar by an orc priest

Vault maps used:
D:1:      wander_arrival_estate, minmay_misc_feat_pillars
D:2:      minmay_spotlight, nicolae_ru_the_path_less_chosen
D:3:      ashenzari_altar_1, first_ration, chequers_ecumenical_altar_simple,
          minmay_pentangle
D:4:      uniq_sigmund
D:5:      cheibrodos_worm_habitat, minmay_temple_entry_junction_2,
          serial_undead, serial_undead_a, serial_undead_a, serial_undead_d,
          serial_undead_b, grunt_decor_mini_mirrors, minivault_24, uniq_menkaure
D:6:      minmay_polygon_palace, kennysheep_mini_moat
Temple:   nicolae_temple_x_marks_the_god

Skill      XL: |  1  2  3  4  5  6  7 |
---------------+----------------------+-----
Short Blades   | 2 3 5 6 7 9 |  9.5
Fighting       | |  1.1
Dodging        | |  1.7
Stealth        | |  0.8
Evocations     | |  3.0

Action                   |  1- 3 |  4- 6 |  7- 9 || total
-------------------------+-------+-------+-------++-------
Melee: Short sword       |   141 |   120 |   177 ||   438
       Tailslap          |    14 |    17 |    31 ||    62
Invok: Sacrifice a Hand  |       |     1 |       ||     1
Evoke: Wand              |       |     3 |     3 ||     6
  Use: Scroll            |       |     6 |       ||     6
 Stab: Sleeping          |     1 |     2 |       ||     3
       Confused          |       |     1 |       ||     1
  Eat: Chunk             |     2 |     7 |     5 ||    14
Armor: Skin              |    48 |    29 |    26 ||   103
Dodge: Dodged            |    84 |    57 |    58 ||   199

Table legend:
 A = Non-vault XP
 B = Vault XP
 C = Vault XP percentage of total XP
 D = Non-vault monster count
 E = Vault monster count
 F = Vault count percentage of total count
                 A         B        C        D         E       F
            +---------+---------+-------+---------+---------+-------
      Total |     906 |     654 |  41.9 |      80 |      20 |  20.0
            +---------+---------+-------+---------+---------+-------
        D:1 |      46 |       0 |   0.0 |      26 |       0 |   0.0
        D:2 |      50 |       3 |   5.7 |      13 |       2 |  13.3
        D:3 |      26 |       4 |  13.3 |       9 |       3 |  25.0
        D:4 |     268 |     212 |  44.2 |      12 |       1 |   7.7
        D:5 |     461 |     260 |  36.1 |      15 |      13 |  46.4
        D:6 |      55 |       0 |   0.0 |       5 |       0 |   0.0
     Temple |       0 |     175 | 100.0 |       0 |       1 | 100.0
            +---------+---------+-------+---------+---------+-------
